 Dungeon Crawl Stone Soup version 0.27-a0-1308-gc08437e49b (webtiles) character file.

Game seed: 13307103833843126374

6246 Sobieck the Nimble (level 10, -1/79 HPs)
             Began as a Spriggan Berserker on June 18, 2021.
             Was an Elder of Trog.
             Slain by Erica (9 damage)
             ... on level 10 of the Dungeon.
             The game lasted 00:26:05 (14556 turns).

Sobieck the Nimble (Spriggan Berserker)            Turns: 14556, Time: 00:26:05

Health: -1/79      AC:  3    Str: 28    XL:     10   Next: 62%
Magic:  11/11      EV: 23    Int: 10    God:    Trog [****..]
Gold:   447        SH:  7    Dex: 14    Spells: 9/9 levels left

rFire    . . .     SeeInvis +   a - +0 long sword {long}
rCold    . . .     Faith    .   s - +0 buckler
rNeg     . . .     Spirit   .   L - +0 acid dragon scales
rPois    .         Reflect  .   (helmet restricted)
rElec    .         Harm     .   v - +0 cloak
rCorr    +         Rampage  .   (gloves unavailable)
Will     +++..                  (boots unavailable)
Stlth    ..........             (no amulet)
HPRegen  1.23/turn              e - +6 ring of strength
MPRegen  0.12/turn              o - +6 ring of strength

@: berserking (expiring), lethally poisoned (-1 -> -2), strong-willed, corroded,
regenerating, very quick
A: very small, no large weapons, unfitting armour, see invisible, speed 3
a: Renounce Religion, Berserk, Trog's Hand, Brothers in Arms


You were on level 10 of the Dungeon.
You worshipped Trog.
Trog was greatly pleased with you.
You visited 1 branch of the dungeon, and saw 11 of its levels.

You collected 447 gold pieces.


Innate Abilities, Weirdness & Mutations

You are very small and have problems with some larger weapons.
You are too small for most types of armour.
You have supernaturally acute eyesight. (SInv)
You cover ground extremely quickly. (Speed+++)


   Skills:
 - Level 6.0 Fighting
 * Level 8.3 Long Blades
 * Level 12.7 Dodging
 + Level 4.5 Shields


You had 9 spell levels left.
You didn't know any spells.
Your spell library was empty.

Inventory:

Hand Weapons
 a - a +0 long sword (weapon) {long}
   (You found it on level 6 of the Dungeon)
 b - a +0 hand crossbow {crossbow}
   (You took it off a kobold on level 8 of the Dungeon)
Missiles
 c - 18 atropa-tipped darts {throwing}
 d - 70 bolts
 g - 283 stones (quivered) {throwing}
 j - 196 arrows
 w - 42 poisoned darts {throwing}
 A - 155 sling bullets
 M - 7 boomerangs {throwing}
 N - 2 curare-tipped darts {=fthrowing}
 Q - 2 throwing nets {=f!fthrowing}
Armour
 n - +0 steam dragon scales
   (You found it on level 6 of the Dungeon)
 s - a +0 buckler (worn)
   (You took it off an orc on level 4 of the Dungeon)
 v - a +0 cloak (worn)
   (You found it on level 5 of the Dungeon)
 L - +0 acid dragon scales (worn)
   (You found it on level 9 of the Dungeon)
Magical Staves
 U - a staff of poison {forbidden!astaff}
   (You found it on level 8 of the Dungeon)
Jewellery
 e - a +6 ring of strength (left hand)
   (You found it on level 1 of the Dungeon)
 h - a ring of magical power
   (You found it on level 2 of the Dungeon)
 o - a +6 ring of strength (right hand)
   (You found it on level 3 of the Dungeon)
 G - a ring of flight
   (You found it on level 6 of the Dungeon)
 S - a ring of protection from cold
   (You found it on level 8 of the Dungeon)
Wands
 J - a wand of charming (9)
   (You found it on level 7 of the Dungeon)
 K - a wand of mindburst (10)
   (You found it on level 7 of the Dungeon)
 Z - a wand of polymorph (9)
   (You took it off Pikel on level 9 of the Dungeon)
Scrolls
 i - 2 scrolls of blinking {!r}
 p - 2 scrolls of silence {!r}
 y - a scroll of magic mapping {!r}
 E - 3 scrolls of teleportation {@r4}
 T - a scroll of holy word
Potions
 f - 4 potions of might
 m - a potion of lignification {!q}
 x - 2 potions of curing {@q1}
 z - 2 potions of flight
 C - 2 potions of haste {@q3}
 D - 2 potions of cancellation
 H - a potion of mutation {!q}
 P - 2 potions of heal wounds {@q2}
 V - a potion of magic {unknown}
Miscellaneous
 W - a piece from Xom's chessboard (15/15)
   (You found it on level 9 of the Dungeon)
 X - a tin of tremorstones (2/2) {throwing}
   (You found it on level 9 of the Dungeon)

Dungeon Overview and Level Annotations

Branches:
Dungeon (11/15)            Temple (0/1) D:6             Orc (0/2) D:9
   Lair: D:8-11

Altars:
Dithmenos
Gozag
Makhleb
Trog

Shops:
D:1 !   D:3 [   D:5 *

Annotations:
D:9 exclusion: downstairs
D:10 Erica

#. (. .# #. .# .#
. #.##.## .# ..
......##.# ...
...# ... ... #..#
#)# .. #).# #.#
#.###@####)#
#....@)..).#######
#.####.###)##.....
# #.###.#...#.##
#..........#.
#####.#...#.###
#..........##
#..##.#.....##
##...#........#
#.<.........^.#


You could see Erica.


Message History

You hit the kobold but do no damage. The kobold hits you but does no damage.
You slash the kobold!
You kill the kobold!
Trog accepts your kill.
A kobold comes into view. It is wielding a +2 dagger of speed.
Items here: (( ))).
The kobold throws a stone.
You block the stone.
Things that are here:
a +0 hand axe {axe}; a +0 leather armour The kobold throws a stone.
The stone completely misses you.
A kobold comes into view. It is wielding a +0 short sword.
The kobold shouts!
You hear a shout!
You block the kobold's attack.
You hit the kobold.
You kill the kobold!
Trog accepts your kill.
Items here: (( ) †.
You completely miss the kobold. You block the kobold's attack.
You hit the kobold.
You kill the kobold!
Trog accepts your kill.
Trog will now gift you melee weapons as you gain piety.
You see here a +0 short sword {short}.
g - 283 stones {throwing} (gained 3);
d - 69 bolts (gained 1)
Your pack is full.
Things that are here:
a +2 dagger of speed {short}; a kobold corpse
d - 71 bolts (gained 2)
d - 72 bolts (gained 1)
Your pack is full.
Things that are here:
a +2 dagger of speed {short}; a kobold corpse Drop what? 52/52 slots (_ for help) (? for menu, Esc to quit)
You drop a +2 hand axe of draining {axe}.
You drop a +1 short sword of venom {short}.
You drop a +1 short sword of freezing {short}.
You drop a +0 flail of protection {mace}.
You drop a +2 antimagic flail {mace}.
You drop a +3 short sword {short}.
You drop a +0 hunting sling {sling}.
You drop a +4 dagger {short}.
You drop a +0 falchion {long}.
You drop a +0 mace of protection {mace}.
You drop a +2 dagger of venom {short}.
You drop a +0 whip of freezing {mace}.
Erica shouts!
Things that are here:
a +2 dagger of speed {short}; a kobold corpse
b - a +0 hand crossbow (weapon)
{crossbow} Erica laughs wildly.
You shoot a bolt. The bolt hits Erica!
You shoot a bolt. The bolt hits Erica!
Erica zaps a wand.
The bolt of acid misses you.
a - a +0 long sword (weapon)
{long} Your skin crawls.
You feel strong-willed. Trog will no longer gift you weapons.
Erica hits you with a +3 scimitar of flaming!
Erica burns you. 😕 HP[-10]
You take 10 damage, and now have 43/53 hp.
A red film seems to cover your vision as you go berserk!
You feel yourself moving faster!
You feel mighty!
Erica points at you and mumbles some strange words.
The bolt of poison hits you!!
You are poisoned. 😮 HP[+1]
You now have 79 max hp (+26).
You barely miss Erica.
You feel very sick. 😮 HP[-2]
You take 2 damage, and now have 42/79 hp.
You slash Erica!
You feel sick.
Erica hits you with a +3 scimitar of flaming!
* * * LOW HITPOINT WARNING * * *
Erica burns you.
* * * LOW HITPOINT WARNING * * *
😨 HP[-16]
You take 16 damage, and now have 26/79 hp.
MASSIVE DAMAGE!! (PAUSE)
You closely miss Erica.
You feel sick. You block Erica's attack. 😨 HP[-1]
You take 1 damage, and now have 25/79 hp.
You slash Erica!
You feel sick. 😨 HP[-2]
You take 2 damage, and now have 23/79 hp.
You closely miss Erica.
You feel sick. Erica hits you but does no damage.
You closely miss Erica.
You feel sick.
You slash Erica!
You feel sick.
Erica zaps a wand.
The bolt of acid hits you! You resist.
* * * LOW HITPOINT WARNING * * *
The acid corrodes you!
You are splashed with acid.
You resist.
* * * LOW HITPOINT WARNING * * *
😱 HP[-15]
You take 15 damage, and now have 8/79 hp.
You barely miss Erica.
You feel sick.
Erica hits you with a +3 scimitar of flaming!
You die...

Skill      XL: |  1  2  3  4  5  6  7  8  9 10 |
---------------+-------------------------------+-----
Fighting       | 3 4 5 6 |  6.0
Long Blades    | 3 4 5 7 8 |  8.3
Dodging        | 5 6 8 9 11 12 | 12.7
Shields        | 1 2 3 4 |  4.5

Action                   |  1- 3 |  4- 6 |  7- 9 | 10-12 || total
-------------------------+-------+-------+-------+-------++-------
Melee: Falchion          |   111 |   104 |    86 |       ||   301
       Long sword        |       |       |   155 |   144 ||   299
 Fire: Hunting sling     |       |    59 |   103 |       ||   162
       Hand crossbow     |       |       |     4 |    41 ||    45
Throw: Stone             |    14 |     1 |     2 |       ||    17
Invok: Berserk           |     3 |     7 |    15 |     5 ||    30
       Trog's Hand       |       |     1 |     1 |     1 ||     3
  Use: Scroll            |       |     7 |     7 |     3 ||    17
 Stab: Sleeping          |     1 |       |       |       ||     1
Armor: Animal skin       |    11 |    11 |    13 |       ||    35
       Steam dragon scal |       |       |    20 |     6 ||    26
       Acid dragon scale |       |       |       |    14 ||    14
Dodge: Dodged            |    84 |    93 |   262 |   147 ||   586
Block: Buckler           |       |     9 |    85 |    57 ||   151
       Rpst.: Falchion   |    27 |    18 |    19 |       ||    64
       Long sword        |       |       |    52 |    37 ||    89

Levels and vault maps discovered:
D:1:      onia_arrival_zoo_common, layout_basic,
          chequers_ecumenical_altar_simple_redux, serial_shops,
          nicolae_shop_waterfront
D:2:      layout_basic, amcnicky_mini_corridor_feature, uniq_robin
D:3:      layout_loops_corners, gammafunk_temple_overflow_pools, serial_shops,
          shop_fountains
D:4:      layout_basic
D:5:      layout_cave_pools, serial_shops, nicolae_lakefront_shop, uniq_grinder,
          uniq_menkaure
D:6:      layout_rooms, temple_pool_b
D:7:      layout_loops_corners, nicolae_dithmenos_the_darkroom, enter_bailey_2
D:8:      layout_basic
D:9:      layout_irregular_city, general_overflow_altar, orc_0_dummy,
          columned_hall_lemuel, uniq_pikel
D:10:     layout_loops_ring, lair_entry_dummy, billiards_dpeg, uniq_fannar,
          uniq_erica
D:11:     layout_small_grid

Notes
Turn   | Place    | Note
-------+----------+-------------------------------------------
     0 | D:1      | Sobieck the Spriggan Berserker began the quest for the Orb.
     0 | D:1      | Reached XP level 1. HP: 11/11 MP: 2/2
     0 | D:1      | magus.rc [v1.9.6]
     6 | D:1      | Noticed a black mamba
     6 | D:1      | Noticed a lindwurm
     6 | D:1      | Noticed a four-headed hydra
     7 | D:1      | Noticed a hound
     7 | D:1      | Noticed a komodo dragon
    27 | D:1      | Found a faded altar of an unknown god.
   505 | D:1      | Reached XP level 2. HP: 16/16 MP: 3/3
  1479 | D:1      | Found Ehyemeyli's Distillery.
  2074 | D:2      | Reached XP level 3. HP: 19/19 MP: 4/4
  2477 | D:2      | Reached ** piety under Trog
  2582 | D:2      | HP: 4/19 [worm (11)]
  2995 | D:2      | Reached skill level 3 in Fighting
  3001 | D:2      | Noticed Robin
  3010 | D:2      | Reached skill level 3 in Long Blades
  3012 | D:2      | Killed Robin
  3013 | D:2      | Reached skill level 5 in Dodging
  3015 | D:2      | Reached XP level 4. HP: 9/24 MP: 5/5
  3016 | D:2      | HP: 6/24 [goblin[Robin] (3)]
  3016 | D:2      | HP: 1/24 [goblin[Robin] (5)]
  4119 | D:3      | Found Vocunury's Antique Armour Boutique.
  4210 | D:3      | Found a burning altar of Makhleb.
  4210 | D:3      | Found an opulent altar of Gozag.
  4518 | D:5      | Entered Level 5 of the Dungeon
  4519 | D:5      | Noticed a wyvern
  4529 | D:4      | HP: 8/36 [wyvern (15)]
  4532 | D:4      | Killed a wyvern
  4533 | D:4      | Reached skill level 6 in Dodging
  4533 | D:4      | Reached XP level 5. HP: 10/29 MP: 6/6
  4814 | D:4      | Reached XP level 6. HP: 17/33 MP: 7/7
  5401 | D:4      | Reached skill level 4 in Fighting
  5401 | D:4      | Reached skill level 4 in Long Blades
  5493 | D:4      | Reached *** piety under Trog
  6404 | D:5      | Reached XP level 7. HP: 33/37 MP: 8/8
  6468 | D:5      | Reached skill level 7 in Dodging
  6468 | D:5      | Reached skill level 1 in Shields
  6959 | D:5      | Noticed Grinder
  6971 | D:5      | Killed Grinder
  7103 | D:6      | Noticed a steam dragon
  7167 | D:5      | Reached skill level 5 in Fighting
  7167 | D:5      | Reached skill level 8 in Dodging
  7167 | D:5      | Reached XP level 8. HP: 43/43 MP: 9/9
  7299 | D:5      | Identified the +8 spear of Atoxauwn {drain, Str+3 Dex+3}
  7577 | D:5      | Found Plog's General Store.
  7578 | D:5      | Noticed Menkaure
  7587 | D:5      | Killed Menkaure
  7588 | D:5      | Reached skill level 5 in Long Blades
  7849 | D:6      | Found a staircase to the Ecumenical Temple.
  8145 | D:6      | Reached skill level 2 in Shields
  8375 | D:6      | HP: 15/64 [steam dragon (5)]
  8383 | D:6      | Reached skill level 9 in Dodging
  8816 | D:6      | HP: 11/44 [poisoned by a water moccasin]
  9127 | D:7      | Reached XP level 9. HP: 44/48 MP: 10/10
  9150 | D:7      | Noticed a komodo dragon
  9162 | D:7      | Killed a komodo dragon
  9163 | D:7      | Reached skill level 6 in Fighting
  9163 | D:7      | Reached skill level 6 in Long Blades
  9285 | D:7      | Reached skill level 10 in Dodging
  9454 | D:7      | Reached skill level 3 in Shields
  9892 | D:7      | Found a shadowy altar of Dithmenos.
 10257 | D:7      | Identified the +6 hand axe of Frustration {freeze, Dex+4}
 11167 | D:8      | Reached **** piety under Trog
 11176 | D:8      | HP: 12/48 [orc (7)]
 11569 | D:8      | Reached skill level 11 in Dodging
 11575 | D:8      | Identified the +0 robe of Okylah {Int+6 Dex-5}
 11647 | D:9      | Noticed a troll
 11652 | D:8      | Reached skill level 7 in Long Blades
 11814 | D:8      | Killed a troll
 12126 | D:8      | Reached XP level 10. HP: 38/53 MP: 11/11
 13210 | D:9      | Reached skill level 4 in Shields
 13269 | D:10     | Entered Level 10 of the Dungeon
 13280 | D:9      | Reached skill level 12 in Dodging
 13538 | D:9      | Found a bloodstained altar of Trog.
 14063 | D:9      | Found a staircase to the Orcish Mines.
 14141 | D:9      | Noticed Pikel
 14153 | D:9      | Killed Pikel
 14154 | D:9      | Reached skill level 8 in Long Blades
 14364 | D:10     | Noticed Erica
 14518 | D:10     | Reached ***** piety under Trog
 14555 | D:10     | HP: 13/79 [Erica/bolt of acid (10)]
 14556 | D:10     | Slain by Erica

Vanquished Creatures
  Pikel (D:9)
  A komodo dragon (D:7)
  2 trolls
  Grinder (D:5)
  A hornet (D:10)
  2 wyverns
  4 vampire mosquitoes
  3 steam dragons
  Menkaure (D:5)
  An acid dragon (D:9)
  4 water moccasins
  A sky beast (D:6)
  An ice beast (D:5)
  2 orc warriors (D:7)
  A black bear (D:6)
  2 ogres
  4 centaurs
  3 kobold brigands
  A phantom (D:4)
  2 scorpions
  2 bullfrogs
  A water moccasin zombie (D:5)
  A water moccasin skeleton (D:4)
  5 howler monkeys
  6 killer bees (D:8)
  3 wights (D:9)
  2 centaur zombies
  2 jellies
  2 hounds
  2 orc priests (D:8)
  An iguana (D:5)
  9 orc wizards
  Robin (D:2)
  5 adders
  A white imp (D:8)
  2 ufetubi
  3 worms
  2 dart slugs (D:1)
  52 orcs
  7 endoplasms
  2 giant cockroaches
  5 hobgoblins
  2 jackals (D:3)
  2 quokkas (D:1)
  4 ball pythons
  3 bats
  3 frilled lizards
  9 goblins
  25 kobolds
  3 rats
205 creatures vanquished.

Table legend:
 A = Non-vault XP
 B = Vault XP
 C = Vault XP percentage of total XP
 D = Non-vault monster count
 E = Vault monster count
 F = Vault count percentage of total count
                 A         B        C        D         E       F
            +---------+---------+-------+---------+---------+-------
      Total |    7750 |    1173 |  13.1 |     195 |      10 |   4.9
            +---------+---------+-------+---------+---------+-------
        D:1 |      30 |       0 |   0.0 |      16 |       0 |   0.0
        D:2 |      48 |      27 |  36.0 |      20 |       7 |  25.9
        D:3 |      41 |       0 |   0.0 |       7 |       0 |   0.0
        D:4 |     569 |       0 |   0.0 |      29 |       0 |   0.0
        D:5 |     508 |     449 |  46.9 |      15 |       2 |  11.8
        D:6 |     938 |       0 |   0.0 |      12 |       0 |   0.0
        D:7 |    1681 |       0 |   0.0 |      19 |       0 |   0.0
        D:8 |    1653 |       0 |   0.0 |      43 |       0 |   0.0
        D:9 |    1206 |     697 |  36.6 |      22 |       1 |   4.3
       D:10 |    1076 |       0 |   0.0 |      12 |       0 |   0.0
            +---------+---------+-------+---------+---------+-------

Illustrated notes

Table legend:
 A = Kills in this place as a percentage of kills in entire the game.
 B = Kills by you in this place as a percentage of kills by you in the entire game.
 C = Kills by friends in this place as a percentage of kills by friends in the entire game.
 D = Other kills in this place as a percentage of other kills in the entire game.
 E = Experience gained in this place as a percentage of experience gained in the entire game.
 F = Experience gained in this place divided by the number of levels of this place that you have seen.
                   A       B       C       D       E      F
               +-------+-------+-------+-------+-------+----------------------
         Total | 100.0 | 100.0 |   N/A |   N/A | 100.0 | 811.2
       Dungeon | 100.0 | 100.0 |   N/A |   N/A | 100.0 | 811.2
               +-------+-------+-------+-------+-------+----------------------

Table legend: (Time is in decaauts)
 A = Elapsed time spent in this place.
 B = Non-inter-level travel time spent in this place.
 C = Inter-level travel time spent in this place.
 D = Time resting spent in this place.
 E = Time spent auto-exploring this place.
 F = Levels seen in this place.
 G = Mean time per level.
                   A        B        C        D        E       F      G
               +--------+--------+--------+--------+--------+-----+--------+
         Total |  12306 |  11948 |    358 |   5740 |   4400 |  11 | 1118.7 |
       Dungeon |  12306 |  11948 |    358 |   5740 |   4400 |  11 | 1118.7 |
               +--------+--------+--------+--------+--------+-----+--------+

Top non-repeatable levels by time:
     D:7: 1975 daAuts
     D:1: 1641 daAuts
     D:4: 1607 daAuts
     D:5: 1464 daAuts
     D:8: 1397 daAuts
     D:2: 1294 daAuts
     D:9: 1002 daAuts
     D:6: 912 daAuts
     D:3: 784 daAuts
    D:10: 226 daAuts
    D:11: 1 daAuts
